 Dungeon Crawl Stone Soup version 0.22.1-2-g9c5b331 (webtiles) character file.

3888 whitewolfNL the Basher (level 10, -1/86 HPs)
             Began as a Minotaur Berserker on Jan 3, 2019.
             Was a Priest of Trog.
             Shot with an arrow by a centaur (2 damage)
             ... on level 8 of the Dungeon.
             The game lasted 00:33:09 (7397 turns).

whitewolfNL the Basher (Minotaur Berserker)         Turns: 7397, Time: 00:33:10

Health: -1/86      AC: 16    Str: 23    XL:     10   Next: 0%
Magic:  12/12      EV:  8    Int: 10    God:    Trog [***...]
Gold:   483        SH:  0    Dex: 11    Spells: 9/9 levels left

rFire    . . .     SeeInvis .   C - +0 flail
rCold    . . .     Gourm    .   (no shield)
rNeg     . . .     Faith    .   y - +0 plate armour
rPois    .         Spirit   .   (helmet restricted)
rElec    .         Reflect  .   a - +0 cloak
rCorr    .         Harm     .   g - +0 pair of gloves
MR       .....     Rnd*Tele +   (no boots)
Stlth    ..........             (no amulet)
HPRegen  0.24/turn              w - +5 ring of intelligence
MPRegen  0.13/turn              (no ring)

@: berserk cooldown, slowed, very slow
A: retaliatory headbutt, horns 2, blurry vision 1, high mp 1, teleportitis 1,
wild magic 1
a: Berserk, Trog's Hand, Renounce Religion


You were on level 8 of the Dungeon.
You worshipped Trog.
Trog was most pleased with you.
You were very hungry.

You visited 1 branch of the dungeon, and saw 8 of its levels.

You collected 483 gold pieces.

Inventory:

Hand Weapons
 d - a +0 hand crossbow
 v - a +0 blowgun
 C - a +0 flail (weapon)
 F - a +2 shortbow of velocity
 I - a +4 battleaxe of chopping
Missiles
 j - 118 arrows
 o - 99 sling bullets
 q - 4 silver tomahawks (quivered)
 r - 51 bolts
 u - 5 curare-tipped needles
 G - 7 needles of paralysis
Armour
 a - a +0 cloak (worn)
 g - a +0 pair of gloves (worn)
 y - a +0 plate armour (worn)
Jewellery
 w - a +5 ring of intelligence (left hand)
Wands
 B - a wand of acid (18)
Scrolls
 b - a scroll of immolation
 h - 5 scrolls of magic mapping {unknown}
 i - 2 scrolls of amnesia {unknown}
 k - 4 scrolls of blinking
 m - a scroll of random uselessness {unknown}
 n - a scroll of fear {unknown}
 s - a scroll of noise {unknown}
 x - 5 scrolls of teleportation
 A - 5 scrolls of remove curse
 D - a scroll of identify
 E - 2 scrolls of enchant armour {unknown}
Potions
 e - 2 potions of agility {unknown}
 f - 3 potions of heal wounds
 l - a potion of curing {unknown}
 p - a potion of haste {unknown}
 t - 2 potions of magic
 z - 2 potions of might {unknown}
 H - 2 potions of resistance {unknown}
 K - a potion of brilliance {unknown}
Comestibles
 c - 22 rations


   Skills:
 * Level 7.5 Fighting
 * Level 11.0 Maces & Flails
 * Level 3.2 Bows
 * Level 3.8 Throwing
 * Level 8.8 Armour
 + Level 3.3 Dodging
 * Level 3.4 Evocations


You had 9 spell levels left.
You didn't know any spells.
Your spell library was empty.

Dungeon Overview and Level Annotations

Branches:
Dungeon (8/15)             Temple (0/1) D:7
   Lair: D:8-11

Altars:
The Shining One


Innate Abilities, Weirdness & Mutations

You reflexively headbutt those who attack you in melee.
You have a pair of horns on your head.
Scrolls take you a little longer to read.
You have an increased reservoir of magic. (+10% MP)
You are occasionally teleported next to monsters.
Your spells are a little harder to cast, but a little more powerful.


Message History

The swamp drake bites you but does no damage.
The orc barely misses the crocodile.
As you read the scroll of teleportation, it crumbles to dust.
You feel strangely unstable.
Unknown command.
The swamp drake bites you.
* * * LOW HITPOINT WARNING * * *
You hit the basilisk.
The basilisk is lightly wounded.
The swamp drake bites you!
* * * LOW HITPOINT WARNING * * *
Your surroundings suddenly seem different.
A centaur comes into view.
The centaur shouts!
The centaur wields a glowing shortbow.
It bursts into flame!
The centaur shoots an arrow.
The arrow closely misses you.
The centaur shoots an arrow.
The arrow hits you.
* * * LOW HITPOINT WARNING * * *
The arrow burns you.
You die...

###### ###
#.@..# #.[## ###
#..####
#...####..#. ##c
.# ###..#...#...
+#
#..#....t#......
.#.......ok....#
#.......[.t..l..
.#.....#.).#.##
#...#..###^##
##. ##.# ##


You could see a centaur.

Vanquished Creatures
  A two-headed ogre (D:8)
  Prince Ribbit (D:5)
  Sigmund (D:3)
  A human (D:7)
  4 hogs (D:7)
  2 water moccasins
  2 orc warriors
  2 ogres
  3 centaurs
  Blork the orc (D:5)
  3 bullfrogs
  2 scorpions
  3 crimson imps
  A centaur zombie (D:5)
  A hound (D:4)
  3 orc wizards
  3 orc priests
  A centaur skeleton (D:7)
  2 iguanas
  5 worker ants
  A hound zombie (D:7)
  A hound skeleton (D:7)
  7 gnolls
  A river rat (D:6)
  18 adders
  2 shadow imps
  An adder zombie (D:6)
  3 adder skeletons
  4 worms
  6 leopard geckos
  24 orcs
  7 giant cockroaches
  10 goblins
  17 hobgoblins
  3 quokkas
  2 ball pythons (D:6)
  4 bats
  6 frilled lizards
  15 kobolds
  2 leopard gecko skeletons (D:4)
  A quokka skeleton (D:5)
  4 rats
181 creatures vanquished.

Vanquished Creatures (others)
  An ogre (D:8)
1 creature vanquished.

Grand Total: 182 creatures vanquished

Notes
Turn   | Place    | Note
-------+----------+-------------------------------------------
     0 | D:1      | whitewolfNL the Minotaur Berserker began the quest for the
                  | Orb.
     0 | D:1      | Reached XP level 1. HP: 19/19 MP: 0/0
   253 | D:1      | Reached XP level 2. HP: 27/27 MP: 1/1
   750 | D:2      | Reached skill level 4 in Maces & Flails
   755 | D:2      | Reached XP level 3. HP: 29/34 MP: 2/2
   973 | D:2      | Reached ** piety under Trog
  1055 | D:2      | Reached XP level 4. HP: 39/41 MP: 3/3
  1857 | D:3      | Reached skill level 5 in Maces & Flails
  1979 | D:3      | Noticed Sigmund
  1996 | D:3      | Killed Sigmund
  1996 | D:3      | Reached skill level 5 in Fighting
  1996 | D:3      | Reached skill level 1 in Throwing
  1996 | D:3      | Reached XP level 5. HP: 27/48 MP: 4/4
  1996 | D:3      | Reached XP level 6. HP: 31/56 MP: 5/5
  2305 | D:3      | Reached skill level 6 in Maces & Flails
  2836 | D:4      | Reached skill level 5 in Armour
  2868 | D:4      | Reached XP level 7. HP: 61/61 MP: 6/6
  3184 | D:4      | Reached skill level 1 in Evocations
  3344 | D:4      | You fall through a shaft for 2 floors!
  3357 | D:6      | Reached skill level 7 in Maces & Flails
  4089 | D:6      | Reached *** piety under Trog
  4111 | D:6      | Found Halu's Distillery.
  4219 | D:6      | Reached XP level 8. HP: 32/70 MP: 8/8
  4489 | D:6      | Reached skill level 8 in Maces & Flails
  4791 | D:6      | Received a gift from Trog
  5069 | D:5      | Entered Level 5 of the Dungeon
  5071 | D:5      | Noticed Prince Ribbit
  5104 | D:5      | Found a glowing golden altar of the Shining One.
  5116 | D:5      | Killed Prince Ribbit
  5116 | D:5      | Reached skill level 1 in Bows
  5230 | D:5      | Noticed Blork the orc
  5236 | D:5      | Killed Blork the orc
  5246 | D:5      | Gained mutation: You expend magic power (3 MP) to
                  | strengthen your wands. [potion of mutation]
  5246 | D:5      | Gained mutation: You are occasionally teleported next to
                  | monsters. [potion of mutation]
  5246 | D:5      | Gained mutation: You are clumsy. (Dex -2) [potion of
                  | mutation]
  5246 | D:5      | Gained mutation: You have a pair of large horns on your
                  | head. [potion of mutation]
  5247 | D:5      | Lost mutation: You have a pair of large horns on your head.
                  | [potion of mutation]
  5247 | D:5      | Lost mutation: You are clumsy. (Dex -2) [potion of
                  | mutation]
  5247 | D:5      | Lost mutation: You expend magic power (3 MP) to strengthen
                  | your wands. [potion of mutation]
  5247 | D:5      | Gained mutation: You have an increased reservoir of magic.
                  | (+10% MP) [potion of mutation]
  5247 | D:5      | Gained mutation: Scrolls take you a little longer to read.
                  | [potion of mutation]
  5247 | D:5      | Gained mutation: Your spells are a little harder to cast,
                  | but a little more powerful. [potion of mutation]
  5278 | D:5      | Reached skill level 9 in Maces & Flails
  6198 | D:7      | Reached XP level 9. HP: 71/78 MP: 11/11
  6208 | D:7      | Found a staircase to the Ecumenical Temple.
  6716 | D:7      | Reached skill level 10 in Maces & Flails
  7358 | D:8      | Noticed a two-headed ogre
  7370 | D:8      | Killed a two-headed ogre
  7370 | D:8      | Reached skill level 11 in Maces & Flails
  7384 | D:8      | Reached XP level 10. HP: 32/86 MP: 12/12
  7397 | D:8      | HP: 1/86 [centaur/arrow (5)]
  7397 | D:8      | Shot with an arrow by a centaur

Skill      XL: |  1  2  3  4  5  6  7  8  9 |
---------------+----------------------------+-----
Fighting       | 4 5 6 7 |  7.5
Maces & Flails | 4 5 6 7 9 11 | 11.0
Armour         | 3 4 5 6 7 8 |  8.8
Throwing       | 1 2 3 |  3.8
Evocations     | 1 2 3 |  3.4
Dodging        | 3 |  3.3
Bows           | 1 3 |  3.2

Action                   |  1- 3 |  4- 6 |  7- 9 | 10-12 || total
-------------------------+-------+-------+-------+-------++-------
Melee: Mace              |    66 |    69 |       |       ||   135
       Headbutt          |    10 |    17 |    43 |       ||    70
       Flail             |       |    41 |   291 |     1 ||   333
Invok: Berserk           |       |     5 |    10 |       ||    15
  Use: Scroll            |       |       |     7 |     1 ||     8
       Potion            |       |       |     2 |       ||     2
  Eat: Chunk             |       |     9 |    21 |       ||    30
       Ration            |       |       |     1 |       ||     1
Armor: Animal skin       |     4 |       |       |       ||     4
       Ring mail         |    24 |    38 |    11 |       ||    73
       Chain mail        |       |       |    93 |       ||    93
       Plate armour      |       |       |    43 |    10 ||    53
Dodge: Dodged            |    37 |    80 |   151 |     2 ||   270
